 Dungeon Crawl Stone Soup version 0.21.1-1-g345015f (webtiles) character file.

67 deadestbob the Vexing (level 4, -9/33 HPs)
             Began as a Formicid Arcane Marksman on Feb 18, 2018.
             Shot with an arrow by a centaur (10 damage)
             ... on level 2 of the Dungeon on Feb 27, 2018.
             The game lasted 00:34:49 (2363 turns).

deadestbob the Vexing (Formicid Arcane Marksman)    Turns: 2363, Time: 00:34:50

Health: -9/33      AC:  2    Str: 15    XL:     4   Next: 38%
Magic:  7/7        EV: 12    Int: 12    God:
Gold:   79         SH:  0    Dex: 12    Spells: 1/7 levels left

rFire    . . .     SeeInvis +   j - +0 hand axe
rCold    . . .     Gourm    .   (no shield)
rNeg     . . .     Faith    .   e - +0 robe
rPois    .         Spirit   .   (helmet unavailable)
rElec    .         Reflect  .   (no cloak)
rCorr    .         Harm     .   (no gloves)
MR       .....                  (no boots)
Stlth    +.........             (no amulet)
HPRegen  0.11/turn              (no ring)
MPRegen  0.10/turn              (no ring)

@: no status effects
A: permanent stasis, dig shafts and tunnels, four strong arms, antennae 3
a: Dig, Shaft Self


You were on level 2 of the Dungeon.
You were not hungry.

You visited 1 branch of the dungeon, and saw 2 of its levels.

You collected 79 gold pieces.

Inventory:

Hand Weapons
 a - a +0 hunting sling
 j - a +0 hand axe (weapon)
Missiles
 d - 30 sling bullets
 h - 7 tomahawks (quivered)
 k - 25 bolts
 l - 18 arrows
 o - 60 stones
Armour
 e - a +0 robe (worn)
Scrolls
 i - a scroll of fear
 p - a scroll of amnesia {unknown}
 r - 3 scrolls of identify
Potions
 g - a potion of brilliance {unknown}
 n - a potion of might {unknown}
Books
 c - a book of Debilitation

   Spells                             Type                      Level
   a - Corona                         Hexes                        1
   b - Slow                           Hexes                        2
   c - Inner Flame                    Hexes/Fire                   3
   d - Portal Projectile              Hexes/Translocation          3
   e - Cause Fear                     Hexes                        4
   f - Leda's Liquefaction            Hexes/Earth                  4
Comestibles
 f - 3 rations
 q - 4 chunks of flesh


   Skills:
 + Level 2.0 Fighting
 + Level 0.2 Axes
 + Level 2.7 Slings
 + Level 2.4 Dodging
 + Level 2.0 Spellcasting
 + Level 4.1 Hexes


You had one spell level left.
You knew the following spells:

 Your Spells              Type           Power        Failure   Level  Hunger
a - Corona                Hex            ##.....      4%          1    ##.....
b - Slow                  Hex            ##......     8%          2    ###....
c - Portal Projectile     Hex/Tloc       #.....       34%         3    ####...


Dungeon Overview and Level Annotations

Branches:
Dungeon (2/15)

Altars:
Ashenzari
Uskayaw


Innate Abilities, Weirdness & Mutations

You cannot be hasted, slowed, berserked, paralysed or teleported.
You can dig through walls and to a lower floor.
Your four strong arms can wield two-handed weapons with a shield.
You have a pair of large antennae on your head. (SInv)


Message History

Wield which item (- for none, * to show all)? (? for menu, Esc to quit)
j - a +0 hand axe (weapon)
You closely miss the goblin. The goblin hits you.
You closely miss the goblin. The goblin hits you. x2
* * * LOW HITPOINT WARNING * * *
You miss the goblin. The goblin closely misses you.
You hit the goblin but do no damage. The goblin hits you.
* * * LOW HITPOINT WARNING * * *
You hit the goblin.
The goblin is heavily wounded.
The goblin hits you.
* * * LOW HITPOINT WARNING * * *
The goblin barely misses you.
You hit the goblin but do no damage.
The goblin is heavily wounded.
The goblin closely misses you.
You hit the goblin.
You kill the goblin!
The centaur shoots an arrow.
The arrow hits you!
You die...

#...#........# ##...##
#..# ##.#.#..<.....#
##.....###.##
..............#
#..........#
....##......).#
#.......####
....##.##.###.# #.......#
....##..#.# #.#
###......## ###...#.#.#
#.# #.........#
###)#...###.###.#.....>.#
###.##.###..c.@..)......#
#...........####.#.....##
#......>...## #.##...##
#..........# ..######
.............# #.##
###........).# #.
..........### #.
.........(.# ..
...........#


You could see a centaur.

Vanquished Creatures
  An adder (D:2)
  A worm (D:2)
  3 giant cockroaches
  7 goblins
  4 hobgoblins
  11 jackals
  6 kobolds
  6 bats
  3 frilled lizards
  9 rats
51 creatures vanquished.

Notes
Turn   | Place    | Note
-------+----------+-------------------------------------------
     0 | D:1      | deadestbob the Formicid Arcane Marksman began the quest for the Orb.
     0 | D:1      | Reached XP level 1. HP: 15/15 MP: 2/2
   301 | D:1      | Reached XP level 2. HP: 21/21 MP: 3/3
   312 | D:1      | Found a shattered altar of Ashenzari.
   878 | D:1      | Reached XP level 3. HP: 22/26 MP: 5/5
  1344 | D:1      | Learned a level 2 spell: Slow
  1509 | D:1      | Reached skill level 4 in Hexes
  1675 | D:2      | Found a hide-covered altar of Uskayaw.
  2079 | D:1      | Reached XP level 4. HP: 32/33 MP: 6/6
  2084 | D:1      | Learned a level 3 spell: Portal Projectile
  2345 | D:2      | Noticed a centaur
  2361 | D:2      | HP: 1/33 [goblin (1)]
  2363 | D:2      | Shot with an arrow by a centaur

Skill      XL: |  1  2  3  4 |
---------------+-------------+-----
Dodging        | 2 |  2.4
Hexes          | 4 |  4.1
Fighting       | 2 |  2.0
Spellcasting   | 2 |  2.0
Axes           | |  0.2
Slings         | |  2.7

Action                   |  1- 3 |  4- 6 || total
-------------------------+-------+-------++-------
Melee: Hand axe          |    90 |    16 ||   106
 Fire: Hunting sling     |    58 |     9 ||    67
Throw: Tomahawk          |     3 |     1 ||     4
 Cast: Corona            |     1 |       ||     1
       Slow              |       |     1 ||     1
       Portal Projectile |       |     1 ||     1
  Use: Scroll            |     2 |     1 ||     3
       Potion            |       |     1 ||     1
  Eat: Chunk             |     4 |     1 ||     5
Armor: Robe              |    47 |       ||    47
Dodge: Dodged            |   104 |    17 ||   121
